SAA
MYRTLE BEACH MERMEN @ CHESAPEAKE CONTINENTALS
06/14/2019
 
TOP OF THE 1ST
Myrtle Beach Mermen batting - Pitching for Chesapeake Continentals : RHP Aurelio López
Pitching: RHP Aurelio López
Batting: SHB Avery Little 0-0: Ball
1-0: Ball
2-0: Foul Ball, location: 2F
2-1: Swinging Strike
2-2: Strikes out swinging
Batting: RHB José Caballero 0-0: Called Strike
0-1: Foul Ball, location: 2F
0-2: Ball
1-2: Foul Ball, location: 2F
1-2: Strikes out swinging
Batting: SHB Orlando Deleón 0-0: Called Strike
0-1: Ball
1-1: Ball
2-1: SINGLE (Groundball, 34)
Batting: LHB Yannick Hendriksen 0-0: Ball
1-0: Swinging Strike
1-1: Called Strike
1-2: Strikes out swinging
Top of the 1st over - 0 run(s), 1 hit(s), 0 error(s), 1 left on base; Myrtle Beach 0 - Chesapeake 0
BOTTOM OF THE 1ST
Chesapeake Continentals batting - Pitching for Myrtle Beach Mermen : RHP Leonard Hall
Pitching: RHP Leonard Hall
Batting: RHB Roger Lakes 0-0: Ball
1-0: Ball
2-0: Ball
3-0: Called Strike
3-1: Base on Balls
Batting: LHB Thomas Campbell 0-0: Ball
1-0: Foul Ball, location: 2F
1-1: Swinging Strike
1-2: Strikes out swinging
Batting: RHB Brandon Reed 0-0: Called Strike
0-1: Foul Ball, location: 2F
0-2: Grounds into double play, 5-4-3 (Groundball, 5)
Bottom of the 1st over - 0 run(s), 0 hit(s), 0 error(s), 0 left on base; Myrtle Beach 0 - Chesapeake 0
TOP OF THE 2ND
Myrtle Beach Mermen batting - Pitching for Chesapeake Continentals : RHP Aurelio López
Batting: RHB Sal Haynes 0-0: Called Strike
0-1: Foul Ball, location: 2F
0-2: Ball
1-2: Ball
2-2: Strikes out swinging
Batting: RHB Javier Robles 0-0: SINGLE (Line Drive, 56D)
Batting: RHB Pedro González 0-0: Foul Ball, location: 2F
0-1: Ball
1-1: Called Strike
1-2: Strikes out swinging
Batting: RHB Scott Peterson 0-0: Ball
1-0: Ball
2-0: Foul Ball, location: 2F
2-1: Ball
3-1: Swinging Strike
3-2: Base on Balls
Javier Robles to second
Batting: RHB Brian Soto 0-0: Ball
1-0: Ball
2-0: Foul Ball, location: 2F
2-1: Foul Ball, location: 2F
2-2: SINGLE (Line Drive, 78S)
Javier Robles to third
Scott Peterson to second
Runner from 3rd tries for Home, SAFE, no throw or cutoff
Batting: SHB Avery Little 0-0: Called Strike
0-1: Foul Ball, location: 2F
0-2: Ball
1-2: Fly out, F8 (Flyball, 8LM)
Top of the 2nd over - 1 run(s), 2 hit(s), 0 error(s), 2 left on base; Myrtle Beach 1 - Chesapeake 0
BOTTOM OF THE 2ND
Chesapeake Continentals batting - Pitching for Myrtle Beach Mermen : RHP Leonard Hall
Batting: RHB Jonah Moody 0-0: SINGLE (Groundball, 3L)
Batting: RHB Gustavo Varela 0-0: Ball
1-0: Ball
2-0: Ball
3-0: Base on Balls
Jonah Moody to second
Batting: LHB Harlan Price 0-0: 3-RUN HOME RUN (Flyball, 89XD), Distance : 395 ft
Batting: LHB Jesús Pérez 0-0: Ball
1-0: Ball
2-0: Foul Ball, location: 2F
2-1: Ground out 4-3 (Groundball, 4)
Batting: SHB Dominique Prost 0-0: Swinging Strike
0-1: Called Strike
0-2: Ball
1-2: Ball
2-2: Foul Ball, location: 2F
2-2: Ball
3-2: Base on Balls
Batting: RHB Anrrique Bolo 0-0: Swinging Strike
0-1: Ball
1-1: Ball
2-1: Ball
3-1: Swinging Strike
3-2: Grounds into double play, 1-6-3 (Groundball, 13S)
Bottom of the 2nd over - 3 run(s), 2 hit(s), 0 error(s), 0 left on base; Myrtle Beach 1 - Chesapeake 3
TOP OF THE 3RD
Myrtle Beach Mermen batting - Pitching for Chesapeake Continentals : RHP Aurelio López
Batting: RHB José Caballero 0-0: Called Strike
0-1: SINGLE (Groundball, 4MD)
Batting: SHB Orlando Deleón 0-0: Foul Ball, location: 2F
0-1: Ball
1-1: Ball
2-1: Foul Ball, location: 2F
2-2: Foul Ball, location: 2F
2-2: Foul Ball, location: 2F
2-2: Fielders Choice at 2nd, 4-6 (Groundball, 34)
Batting: LHB Yannick Hendriksen 0-0: Ball
1-0: Called Strike
1-1: Foul Ball, location: 2F
1-2: DOUBLE (Line Drive, 7LM)
Orlando Deleón to third
Batting: RHB Sal Haynes 0-0: Called Strike
0-1: Ball
1-1: Fly out, F9 (Flyball, 89M)
Runner from 3rd tags up, SCORES, no throw
Batting: RHB Javier Robles 0-0: Ball
1-0: Ball
2-0: Ball
3-0: Base on Balls
Batting: RHB Pedro González 0-0: Ball
1-0: Ball
2-0: Called Strike
2-1: Swinging Strike
2-2: Strikes out swinging
Top of the 3rd over - 1 run(s), 2 hit(s), 0 error(s), 2 left on base; Myrtle Beach 2 - Chesapeake 3
BOTTOM OF THE 3RD
Chesapeake Continentals batting - Pitching for Myrtle Beach Mermen : RHP Leonard Hall
Batting: RHB Roger Lakes 0-0: Ball
1-0: Ball
2-0: Called Strike
2-1: Ball
3-1: Base on Balls
Batting: LHB Thomas Campbell 0-0: Swinging Strike
0-1: Ball
1-1: Ball
2-1: Swinging Strike
2-2: Strikes out swinging
Batting: RHB Brandon Reed 0-0: Called Strike
0-1: Ball
1-1: Ball
2-1: Ball
3-1: Fielders Choice at 2nd, 1-6 (Groundball, 15S)
Batting: RHB Jonah Moody 0-0: Called Strike
0-1: Reached on error, E5 (Groundball, 56)
Brandon Reed to second
Batting: RHB Gustavo Varela 0-0: Ball
1-0: Ball
2-0: Foul Ball, location: 2F
2-1: SINGLE (Groundball, 56)
Brandon Reed to third
Jonah Moody to second
Runner from 3rd tries for Home, SAFE, throw made home
Jonah Moody to third
Gustavo Varela to second
Batting: LHB Harlan Price 0-0: SINGLE (Line Drive, 9LS)
Jonah Moody scores
Gustavo Varela to third
Runner from 3rd tries for Home, SAFE, no throw or cutoff
Pitching: RHP Mauro Guzmán
Batting: LHB Jesús Pérez 0-0: SINGLE (Groundball, 4MD)
Harlan Price to second
Runner from 2nd tries for 3rd, SAFE, no throw or cutoff
Batting: SHB Dominique Prost 0-0: Foul Ball, location: 2F
0-1: Ball
1-1: Ball
2-1: Ball
3-1: Foul Ball, location: 2F
3-2: Base on Balls
Jesús Pérez to second
Batting: RHB Anrrique Bolo 0-0: Fly out, F7 (Line Drive, 7M)
Bottom of the 3rd over - 3 run(s), 3 hit(s), 1 error(s), 3 left on base; Myrtle Beach 2 - Chesapeake 6
TOP OF THE 4TH
Myrtle Beach Mermen batting - Pitching for Chesapeake Continentals : RHP Aurelio López
Now in LF: Roy Williams
Batting: RHB Scott Peterson 0-0: Ball
1-0: Called Strike
1-1: Foul Ball, location: 2F
1-2: Ball
2-2: Strikes out swinging
Batting: RHB Brian Soto 0-0: Swinging Strike
0-1: Ball
1-1: Ball
2-1: Swinging Strike
2-2: DOUBLE (Groundball, 5L)
Batting: SHB Avery Little 0-0: Fly out, F5 (Line Drive, 56)
Batting: RHB José Caballero 0-0: Called Strike
0-1: Foul Ball, location: 2F
0-2: SINGLE (Line Drive, 89S)
Brian Soto to third
Runner from 3rd tries for Home, SAFE, no throw or cutoff
Batting: SHB Orlando Deleón 0-0: Ball
1-0: Ground out U3 (Groundball, 3L)
Top of the 4th over - 1 run(s), 2 hit(s), 0 error(s), 1 left on base; Myrtle Beach 3 - Chesapeake 6
BOTTOM OF THE 4TH
Chesapeake Continentals batting - Pitching for Myrtle Beach Mermen : RHP Mauro Guzmán
Batting: RHB Roger Lakes 0-0: Ball
1-0: Called Strike
1-1: Ball
2-1: Ground out 4-3 (Groundball, 34)
Batting: LHB Thomas Campbell 0-0: Called Strike
0-1: SINGLE (Flyball, 89S)
Batting: RHB Roy Williams 0-0: Ball
1-0: Ball
2-0: Called Strike
2-1: Ball
3-1: Base on Balls
Thomas Campbell to second
Batting: RHB Jonah Moody 0-0: Ball
1-0: Ball
2-0: SINGLE (Groundball, 56D)
Thomas Campbell to third
Roy Williams to second
Runner from 3rd tries for Home, SAFE, no throw or cutoff
Batting: RHB Gustavo Varela 0-0: Foul Ball, location: 2F
0-1: Ball
1-1: Called Strike
1-2: Foul Ball, location: 2F
1-2: Foul Ball, location: 2F
1-2: Ball
2-2: Ball
3-2: Foul Ball, location: 2F
3-2: Base on Balls
Roy Williams to third
Jonah Moody to second
Batting: LHB Harlan Price 0-0: Fly out, F8 (Flyball, 8RD)
Runner from 3rd tags up, SCORES, no throw
Batting: LHB Jesús Pérez 0-0: Ball
1-0: Ball
2-0: Ball
3-0: Base on Balls
Jonah Moody to third
Gustavo Varela to second
Batting: SHB Dominique Prost 0-0: Called Strike
0-1: Ball
1-1: Ball
2-1: Fly out, F8 (Flyball, 8LM)
Bottom of the 4th over - 2 run(s), 2 hit(s), 0 error(s), 3 left on base; Myrtle Beach 3 - Chesapeake 8
TOP OF THE 5TH
Myrtle Beach Mermen batting - Pitching for Chesapeake Continentals : RHP Aurelio López
Batting: LHB Yannick Hendriksen 0-0: Called Strike
0-1: Called Strike
0-2: Ball
1-2: Ball
2-2: Ball
3-2: Foul Ball, location: 2F
3-2: SOLO HOME RUN (Flyball, 9D), Distance : 349 ft
Batting: RHB Sal Haynes 0-0: Called Strike
0-1: Called Strike
0-2: Strikes out swinging
Batting: RHB Javier Robles 0-0: Foul Ball, location: 2F
0-1: Ball
1-1: Ball
2-1: Foul Ball, location: 2F
2-2: Ball
3-2: Base on Balls
Batting: RHB Pedro González 0-0: SINGLE (Groundball, 13) (infield hit)
Javier Robles to second
Batting: RHB Scott Peterson 0-0: Ball
1-0: Called Strike
1-1: Called Strike
1-2: Fly out, F4 (Popup, 4MD)
Pitching: RHP Kyle McPherson
Batting: RHB Brian Soto 0-0: Foul Ball, location: 2F
0-1: Called Strike
0-2: Ball
1-2: Ball
2-2: Foul Ball, location: 2F
2-2: Strikes out swinging
Top of the 5th over - 1 run(s), 2 hit(s), 0 error(s), 2 left on base; Myrtle Beach 4 - Chesapeake 8
BOTTOM OF THE 5TH
Chesapeake Continentals batting - Pitching for Myrtle Beach Mermen : RHP Mauro Guzmán
Batting: RHB Anrrique Bolo 0-0: SINGLE (Line Drive, 4MD)
Batting: RHB Roger Lakes 0-0: Called Strike
0-1: Ball
1-1: Fly out, F8 (Flyball, 8RM)
Batting: LHB Thomas Campbell 0-0: Called Strike
0-1: Ball
1-1: SINGLE (Line Drive, 8LS)
Anrrique Bolo to second
Batting: RHB Roy Williams 0-0: Called Strike
0-1: Ground out 5-3 (Groundball, 5S)
Anrrique Bolo to third
Thomas Campbell to second
Batting: RHB Jonah Moody 0-0: Called Strike
0-1: Ball
1-1: Ball
2-1: SINGLE (Line Drive, 8LS)
Anrrique Bolo scores
Thomas Campbell to third
Runner from 3rd tries for Home, SAFE, no throw or cutoff
Pitching: RHP Manuel Carrión
Batting: RHB Gustavo Varela 0-0: Called Strike
0-1: Swinging Strike
0-2: Strikes out swinging
Bottom of the 5th over - 2 run(s), 3 hit(s), 0 error(s), 1 left on base; Myrtle Beach 4 - Chesapeake 10
TOP OF THE 6TH
Myrtle Beach Mermen batting - Pitching for Chesapeake Continentals : RHP Kyle McPherson
Batting: SHB Avery Little 0-0: Ball
1-0: Called Strike
1-1: Ball
2-1: Ball
3-1: Swinging Strike
3-2: Foul Ball, location: 2F
3-2: SINGLE (Groundball, 34D)
Batting: RHB José Caballero 0-0: Called Strike
0-1: Ball
1-1: Ball
2-1: Grounds into double play, 5-4-3 (Groundball, 5)
Batting: SHB Orlando Deleón 0-0: Ball
1-0: Ball
2-0: Ball
3-0: Base on Balls
Batting: LHB Yannick Hendriksen 0-0: Called Strike
0-1: Called Strike
0-2: Foul Ball, location: 2F
0-2: Ball
1-2: Foul Ball, location: 2F
1-2: Ball
2-2: Ground out 4-3 (Groundball, 4)
Top of the 6th over - 0 run(s), 1 hit(s), 0 error(s), 1 left on base; Myrtle Beach 4 - Chesapeake 10
BOTTOM OF THE 6TH
Chesapeake Continentals batting - Pitching for Myrtle Beach Mermen : RHP Manuel Carrión
Batting: LHB Harlan Price 0-0: SINGLE (Line Drive, 4MD)
Batting: LHB Jesús Pérez 0-0: Called Strike
0-1: Foul Ball, location: 2F
0-2: Hit by Pitch
Harlan Price to second
Batting: SHB Dominique Prost 0-0: Ball
1-0: Ball
2-0: DOUBLE (Line Drive, 9LD)
Harlan Price scores
Jesús Pérez to third
Batting: RHB Anrrique Bolo 0-0: SINGLE (Flyball, 4D)
Jesús Pérez scores
Dominique Prost to third
Batting: RHB Roger Lakes 0-0: Called Strike
0-1: Ball
1-1: Called Strike
1-2: Foul Ball, location: 2F
1-2: Foul Ball, location: 2F
1-2: Ball
2-2: Ball
3-2: Strikes out swinging
Anrrique Bolo steals 2nd base
Batter strikes out.
Batting: LHB Thomas Campbell 0-0: Ball
1-0: Swinging Strike
1-1: Ball
2-1: Ground out 4-3 (Groundball, 4)
Dominique Prost scores
Anrrique Bolo to third
Pitching: RHP Andrés Ventura
Batting: RHB Roy Williams 0-0: Swinging Strike
0-1: Ball
1-1: Foul Ball, location: 2F
1-2: Strikes out swinging
Bottom of the 6th over - 3 run(s), 3 hit(s), 0 error(s), 1 left on base; Myrtle Beach 4 - Chesapeake 13
TOP OF THE 7TH
Myrtle Beach Mermen batting - Pitching for Chesapeake Continentals : RHP Kyle McPherson
Now at C: Tim Roberts
Batting: RHB Sal Haynes 0-0: Ball
1-0: Ball
2-0: Swinging Strike
2-1: Swinging Strike
2-2: Strikes out swinging
Batting: RHB Javier Robles 0-0: Ball
1-0: Swinging Strike
1-1: Called Strike
1-2: Strikes out swinging
Batting: RHB Pedro González 0-0: Swinging Strike
0-1: Bunt for hit - play at first, batter OUT! 5-3
Top of the 7th over - 0 run(s), 0 hit(s), 0 error(s), 1 left on base; Myrtle Beach 4 - Chesapeake 13
BOTTOM OF THE 7TH
Chesapeake Continentals batting - Pitching for Myrtle Beach Mermen : RHP Andrés Ventura
Batting: RHB Jonah Moody 0-0: Swinging Strike
0-1: Ball
1-1: Ball
2-1: Called Strike
2-2: Ball
3-2: Fly out, F7 (Flyball, 7M)
Batting: RHB Gustavo Varela 0-0: Ball
1-0: Foul Ball, location: 2F
1-1: Swinging Strike
1-2: Foul Ball, location: 2F
1-2: Ground out 4-3 (Groundball, 4)
Batting: LHB Harlan Price 0-0: Called Strike
0-1: Swinging Strike
0-2: Ball
1-2: Ball
2-2: Ball
3-2: Foul Ball, location: 2F
3-2: Foul Ball, location: 2F
3-2: Strikes out swinging
Bottom of the 7th over - 0 run(s), 0 hit(s), 0 error(s), 0 left on base; Myrtle Beach 4 - Chesapeake 13
TOP OF THE 8TH
Myrtle Beach Mermen batting - Pitching for Chesapeake Continentals : RHP Kyle McPherson
Pitching: LHP Jim Unknown
Batting: RHB Scott Peterson 0-0: Ball
1-0: Called Strike
1-1: Foul Ball, location: 2F
1-2: Strikes out swinging
Batting: RHB Brian Soto 0-0: Ball
1-0: Called Strike
1-1: Ball
2-1: Foul Ball, location: 2F
2-2: Foul Ball, location: 2F
2-2: Fly out, F8 (Flyball, 8LM)
Batting: SHB Avery Little 0-0: Ball
1-0: Fly out, F4 (Popup, 4)
Top of the 8th over - 0 run(s), 0 hit(s), 0 error(s), 0 left on base; Myrtle Beach 4 - Chesapeake 13
BOTTOM OF THE 8TH
Chesapeake Continentals batting - Pitching for Myrtle Beach Mermen : RHP Andrés Ventura
Batting: LHB Jesús Pérez 0-0: Called Strike
0-1: Ball
1-1: SINGLE (Groundball, 34D)
Batting: SHB Tim Roberts 0-0: Called Strike
0-1: Ball
1-1: Called Strike
1-2: Strikes out swinging
Batting: RHB Anrrique Bolo 0-0: Ground out 5-3 (Groundball, 5S)
Jesús Pérez to second
Batting: RHB Roger Lakes 0-0: Foul Ball, location: 2F
0-1: Ball
1-1: Swinging Strike
1-2: SINGLE (Groundball, 34D)
Jesús Pérez to third
Runner from 3rd tries for Home, SAFE, no throw or cutoff
Batting: LHB Thomas Campbell
Pinch Hitting: RHB Christian O'Dell 0-0: Foul Ball, location: 2F
0-1: Foul Ball, location: 2F
0-2: Hit by Pitch
Roger Lakes to second
Batting: RHB Roy Williams 0-0: Ball
1-0: Ball
2-0: SINGLE (Flyball, 7S)
Roger Lakes to third
Christian O'Dell to second
Runner from 3rd tries for Home, SAFE, throw made at trailing runner, OUT at third!
Bottom of the 8th over - 2 run(s), 3 hit(s), 0 error(s), 1 left on base; Myrtle Beach 4 - Chesapeake 15
TOP OF THE 9TH
Myrtle Beach Mermen batting - Pitching for Chesapeake Continentals : LHP Jim Unknown
Now in CF: Christian O'Dell
Batting: RHB José Caballero 0-0: Ball
1-0: Called Strike
1-1: Ball
2-1: Ball
3-1: Called Strike
3-2: Base on Balls
Batting: SHB Orlando Deleón 0-0: Reached on error, E5 (Groundball, 56)
José Caballero to second
Batting: LHB Yannick Hendriksen 0-0: Swinging Strike
0-1: Grounds into double play, 4-6-3 (Groundball, 34)
José Caballero to third
Batting: RHB Sal Haynes 0-0: Called Strike
0-1: Ball
1-1: Ball
2-1: Called Strike
2-2: Ball
3-2: Foul Ball, location: 2F
3-2: Foul Ball, location: 2F
3-2: Ground out 5-3 (Groundball, 5)
Top of the 9th over - 0 run(s), 0 hit(s), 1 error(s), 1 left on base; Myrtle Beach 4 - Chesapeake 15
This league is powered by Out of the Park Baseball, the baseball management simulation game for PC, Mac and Linux
Saturday, July 25th, 2015 - OOTP Baseball 15.6 Build 34